 Dungeon Crawl Stone Soup version 0.31-a0-222-gefeffbb62a (webtiles) character file.

Game seed: 11279376962232613700

4150 qw the Cleaver (level 10, -1/63 HPs)
             Began as a Gargoyle Fighter on July 5, 2023.
             Was an Initiate of Okawaru.
             Slain by a death yak (13 damage)
             ... on level 9 of the Dungeon.
             The game lasted 00:03:45 (6778 turns).

qw the Cleaver (Gargoyle Fighter)                   Turns: 6778, Time: 00:03:46

Health: -1/63      AC: 44    Str: 26    XL:     10   Next: 27%
Magic:  10/10      EV: 10    Int:  6    God:    Okawaru [......]
Gold:   423        SH:  4    Dex:  9    Spells: 9/9 levels left

rFire   + . .        Y - +1 war axe (protect)
rCold   + . .        c - +0 buckler
rNeg    + . .        f - +5 crystal plate armour "Myirch" {rElec Will+ Str+2}
rPois   inf          A - +1 helmet "Qati" {+Blink Fly Will++ Int-3}
rElec   +            a - scarf {rC+ rF+}
rCorr   .            (no gloves)
SInv    .            w - +2 pair of boots
Will    +++..        e - amulet of regeneration Stlth
                     r - +5 ring of evasion
HPRegen 1.10/turn    (no ring)
MPRegen 0.12/turn

%: no passive effects
@: about to teleport, under a protective aura, flying
A: sickness immunity, AC +7, negative energy resistance 1, electricity
resistance, torment resistance 1, petrification resistance
a: Renounce Religion, Evoke Blink


You were on level 9 of the Dungeon.
You worshipped Okawaru.
Okawaru was noncommittal.
You visited 2 branches of the dungeon, and saw 10 of its levels.

You collected 423 gold pieces.


Innate Abilities, Weirdness & Mutations

You are immune to sickness and miasma.
Your stone body is resilient. (AC +7)
You are immune to poison.
You resist negative energy. (rN+)
You are resistant to electric shocks. (rElec)
You are resistant to unholy torment.
You are immune to petrification.


   Skills:
 - Level 7.0 Fighting
 + Level 9.5 Axes
 - Level 2.6 Throwing
 - Level 8.0 Armour
 - Level 3.0 Dodging
 - Level 4.4 Shields


You had 9 spell levels left.
You didn't know any spells.
Your spell library was empty.

Inventory:

Hand Weapons
 l - a +2 morningstar
 q - a +2 war axe
 Y - a +1 war axe of protection (weapon)
Missiles
 k - a boomerang (quivered)
Armour
 a - a scarf of resistance (worn)
 b - a +0 cloak
 c - a +0 buckler (worn)
 f - the +5 crystal plate armour "Myirch" (worn) {rElec Will+ Str+2}
   (You acquired it on level 6 of the Dungeon)

   Str:       It affects your strength (+2).
   rElec:     It insulates you from electricity.
   Will:      It increases your willpower.
 w - a +2 pair of boots (worn)
 A - the +1 helmet "Qati" (worn) {+Blink Fly Will++ Int-3}
   (You found it on level 6 of the Dungeon)

   Int:       It affects your intelligence (-3).
   Fly:       It grants you flight.
   +Blink:    It lets you blink.
   Will:      It greatly increases your willpower.
Jewellery
 e - an amulet of regeneration (around neck)
 r - a +5 ring of evasion (left hand)
Wands
 x - a wand of digging (3)
Scrolls
 h - 2 scrolls of teleportation
 o - a scroll of identify
Potions
 d - 2 potions of might
 i - 2 potions of mutation
 j - 2 potions of curing
 n - 2 potions of haste
 p - 2 potions of lignification
 t - a potion of attraction {unknown}
 u - a potion of resistance {unknown}
 z - a potion of heal wounds {unknown}

Dungeon Overview and Level Annotations

Branches:
Dungeon (9/15)             Temple (1/1) D:6
   Lair: D:8-11         Orc: D:9-12

Altars:
Ashenzari
Cheibriados
Dithmenos
Elyvilon
Fedhas
Gozag
Hepliaklqana
Kikubaaqudgha
Makhleb
Nemelex Xobeh
Okawaru
Qazlal
Ru
Sif Muna
Trog
Uskayaw
Vehumet
Wu Jian
Xom
Yredelemnul
Zin
The Shining One

Annotations:
D:7 2 transporters, qw's ghost, novice DEHu


Message History

The death yak gores you but does no damage.
You hit the death yak but do no damage.
The death yak is moderately wounded.
You hit the death yak. You barely miss the death yak.
You block the death yak's attack. The death yak gores you!!
The death yak gores you but does no damage.
You hit the death yak but do no damage.
The death yak is moderately wounded.
You hit the death yak. x2
The death yak gores you but does no damage. x2
The death yak misses you.
The death yak gores you but does no damage. x3
You hit the death yak but do no damage.
The death yak is moderately wounded.
You hit the death yak but do no damage. x2
The death yak gores you but does no damage. x2
The death yak gores you.
You slice the death yak!!
The death yak is heavily wounded.
You slash the death yak! You hit the death yak.
You block the death yak's attack. The death yak completely misses you.
The death yak gores you.
You barely miss the death yak.
The death yak is heavily wounded.
You barely miss the death yak. x2
The howler monkey howls!
The death yak closely misses you. The death yak gores you.
The death yak barely misses you.
You hit the death yak but do no damage.
The death yak is heavily wounded.
You slash the death yak! You hit the death yak.
The hell rat twitches its whiskers.
The howler monkey hoots and howls with incredible vigour!
You block the death yak's attack. The death yak gores you!
The death yak barely misses you.
6778 ||| READING 3 scrolls of teleportation.
As you read the scroll of teleportation, it crumbles to dust.
You feel strangely unstable. You block the death yak's attack.
The death yak gores you!
You die... #.....r.... #.)r(...... #...# #..[# #..h# #...# #rrr# #YYY#

#%@.# #...# . #...#
..#######...#
............#######
...................
......)....########
..#######..# #..#


You could see 3 death yaks, a howler monkey (catching breath), a hell rat, 2
river rats and a rat.

Vanquished Creatures
  Pikel (D:4)
  Grinder (D:3)
  A steam dragon (D:8)
  2 water moccasins
  3 sky beasts
  5 ogres
  2 centaurs (D:9)
  3 lemures (D:4)
  A kobold brigand (D:7)
  Blork the orc (D:4)
  4 bullfrogs
  A scorpion (D:5)
  9 wights
  6 killer bees (D:8)
  3 howler monkeys
  5 hounds
  2 orc priests (D:5)
  A gnoll bouda (D:5)
  A sleepcap (D:7)
  Natasha (thrice) (D:3)
  Terence (D:3)
  5 orc wizards
  6 iguanas
  2 hell rats (D:9)
  8 gnolls
  9 adders
  An ufetubus (D:5)
  A worm (D:2)
  A dart slug (D:4)
  25 orcs
  3 bats
  6 endoplasms
  2 giant cockroaches
  7 goblins
  9 hobgoblins
  3 jackals (D:1)
  9 quokkas
  4 ball pythons
  6 frilled lizards (D:1)
  13 kobolds
  2 rats
178 creatures vanquished.

Notes
Turn   | Place    | Note
-------+----------+-------------------------------------------
     0 | D:1      | qw the Gargoyle Fighter began the quest for the Orb.
     0 | D:1      | Reached XP level 1. HP: 14/14 MP: 1/1
     0 | D:1      | 0 ||| qw: Version: 0.3-a-46-gb1f654a
     0 | D:1      | 0 ||| qw: Game counter: 1024
     0 | D:1      | 0 ||| qw: Melee chars always use a shield: true
     0 | D:1      | 0 ||| qw: God list: Okawaru
     0 | D:1      | 0 ||| qw: Allow faded altars: false
     0 | D:1      | 0 ||| qw: Do Orc after clearing Dungeon:15 true
     0 | D:1      | 0 ||| qw: Do second Lair branch before Depths: true
     0 | D:1      | 0 ||| qw: Lair rune preference: random
     0 | D:1      | 0 ||| qw: Goals: Normal, Zot:1-4, Slime:5, God:TSO, Crypt,
                  | Tomb, Abyss, Pan, Hells, Win
     0 | D:1      | 0 ||| PLANNING D:1-11
   159 | D:1      | Reached skill level 2 in Axes
   177 | D:1      | Reached XP level 2. HP: 19/19 MP: 2/2
   270 | D:1      | 270 ||| Stepping ~*~*~tactically~*~*~ (hiding).
   277 | D:1      | 277 ||| Stepping ~*~*~tactically~*~*~ (hiding).
   467 | D:1      | 467 ||| DROPPING +0 club.
   586 | D:1      | Reached skill level 3 in Axes
   643 | D:1      | Reached XP level 3. HP: 16/23 MP: 3/3
  1009 | D:1      | 1009 ||| UPGRADING to +0 helmet.
  1014 | D:1      | 1014 ||| UPGRADING to amulet of regeneration.
  1019 | D:1      | 1019 ||| READING scroll labelled BOS GEISMAQO.
  1020 | D:1      | 1020 ||| READING scroll labelled ECRISTRIDID.
  1021 | D:1      | 1021 ||| READING scroll labelled OROTZA CUSTRAUD.
  1022 | D:1      | 1022 ||| READING scroll labelled RYTHRO RESH.
  1213 | D:2      | Reached XP level 4. HP: 26/28 MP: 4/4
  1223 | D:2      | Reached skill level 4 in Axes
  1401 | D:2      | 1401 ||| Stepping ~*~*~tactically~*~*~ (stealth).
  1688 | D:2      | 1688 ||| UPGRADING to scarf of resistance.
  1693 | D:2      | 1693 ||| READING scroll labelled TAFOEPN FISM.
  1694 | D:2      | 1694 ||| READING 3 scrolls labelled VISHUG UFALUA.
  1697 | D:2      | 1697 ||| DRINKING 2 pink potions.
  1714 | D:3      | Noticed Natasha
  1721 | D:3      | Killed Natasha
  1722 | D:3      | Reached XP level 5. HP: 32/32 MP: 5/5
  1762 | D:3      | Noticed Terence
  1772 | D:3      | Killed Terence
  1791 | D:3      | 1791 ||| DROPPING +0 mace.
  1803 | D:3      | 1803 ||| Stepping ~*~*~tactically~*~*~ (stealth).
  1810 | D:3      | 1810 ||| Stepping ~*~*~tactically~*~*~ (stealth).
  1815 | D:3      | Reached skill level 5 in Axes
  1932 | D:3      | 1932 ||| Stepping ~*~*~tactically~*~*~ (stealth).
  1949 | D:3      | Noticed Natasha
  1956 | D:3      | Killed Natasha
  1960 | D:3      | Noticed Grinder
  1963 | D:3      | Paralysed by Grinder for 3 turns
  1970 | D:3      | Paralysed by Grinder for 4 turns
  1976 | D:3      | Paralysed by Grinder for 4 turns
  1990 | D:3      | Paralysed by Grinder for 5 turns
  1998 | D:3      | Killed Grinder
  1999 | D:3      | Reached skill level 3 in Dodging
  1999 | D:3      | Reached XP level 6. HP: 38/38 MP: 6/6
  2119 | D:3      | Noticed Natasha
  2125 | D:3      | Killed Natasha
  2126 | D:3      | Reached XP level 7. HP: 43/43 MP: 7/7
  2144 | D:3      | 2144 ||| UPGRADING to +1 pair of boots.
  2149 | D:3      | 2149 ||| UPGRADING to +2 scale mail of fire resistance.
  2159 | D:3      | 2159 ||| DROPPING +0 scale mail.
  2160 | D:3      | 2160 ||| DROPPING orb of guile.
  2161 | D:3      | 2161 ||| READING scroll labelled RUSOZU PACSE.
  2300 | D:4      | 2300 ||| Stepping ~*~*~tactically~*~*~ (stealth).
  2303 | D:4      | Noticed Pikel
  2341 | D:4      | Killed Pikel
  2342 | D:4      | Reached skill level 7 in Axes
  2342 | D:4      | Reached XP level 8. HP: 30/48 MP: 8/8
  2435 | D:4      | Noticed Blork the orc
  2444 | D:4      | Killed Blork the orc
  2695 | D:4      | 2695 ||| READING scroll labelled VUONIUM MOYP.
  2704 | D:4      | 2704 ||| DRINKING 2 brown potions.
  2705 | D:4      | 2705 ||| DRINKING 2 grey potions.
  2751 | D:4      | 2751 ||| READING 2 scrolls of identify.
  2751 | D:4      | 2751 ||| IDENTIFYING fuming grey potion
  2752 | D:4      | 2752 ||| DROPPING potion of brilliance.
  2768 | D:5      | Entered Level 5 of the Dungeon
  2777 | D:5      | Identified the +1 short sword of Vuifom {elec, *Rage rPois
                  | rC+ rN++}
  2857 | D:5      | 2857 ||| Stepping ~*~*~tactically~*~*~ (stealth).
  2860 | D:5      | 2860 ||| Stepping ~*~*~tactically~*~*~ (stealth).
  2894 | D:5      | Reached skill level 1 in Throwing
  3134 | D:5      | Reached skill level 8 in Axes
  3140 | D:5      | 3140 ||| Stepping ~*~*~tactically~*~*~ (hiding).
  3148 | D:5      | 3148 ||| Stepping ~*~*~tactically~*~*~ (hiding).
  3204 | D:5      | 3204 ||| Stepping ~*~*~tactically~*~*~ (stealth).
  3205 | D:5      | 3205 ||| Stepping ~*~*~tactically~*~*~ (stealth).
  3217 | D:5      | 3217 ||| DROPPING +0 flail.
  3218 | D:5      | 3218 ||| DROPPING +3 mace of holy wrath.
  3309 | D:5      | 3309 ||| Stepping ~*~*~tactically~*~*~ (stealth).
  3310 | D:5      | 3310 ||| Stepping ~*~*~tactically~*~*~ (stealth).
  3311 | D:5      | 3311 ||| Stepping ~*~*~tactically~*~*~ (stealth).
  3410 | D:5      | Reached skill level 6 in Fighting
  3415 | D:5      | Found a hazy altar of Hepliaklqana.
  3549 | D:5      | Found an opulent altar of Gozag.
  3612 | D:5      | Reached XP level 9. HP: 56/56 MP: 9/9
  3635 | D:5      | 3635 ||| UPGRADING to +0 chain mail.
  3645 | D:5      | 3645 ||| READING scroll labelled XIKAPN NEOHEN.
  3646 | D:5      | 3646 ||| READING scroll labelled ZOINUFA SIZI.
  3647 | D:5      | 3647 ||| DRINKING 2 purple potions.
  3781 | D:5      | 3781 ||| READING 2 scrolls of identify.
  3781 | D:5      | 3781 ||| IDENTIFYING black potion
  3782 | D:5      | 3782 ||| DROPPING potion of invisibility.
  3783 | D:5      | 3783 ||| DROPPING potion of berserk rage.
  3808 | D:6      | Found a staircase to the Ecumenical Temple.
  3809 | D:6      | 3809 ||| PLANNING TEMPLE
  3824 | Temple   | Entered the Ecumenical Temple
  3861 | Temple   | 3861 ||| PLANNING D:1-11
  3923 | D:6      | 3923 ||| Stepping ~*~*~tactically~*~*~ (stealth).
  4078 | D:6      | 4078 ||| Stepping ~*~*~tactically~*~*~ (stealth).
  4089 | D:6      | Reached skill level 9 in Axes
  4525 | D:6      | 4525 ||| Stepping ~*~*~tactically~*~*~ (stealth).
  4554 | D:6      | Identified the +1 helmet "Qati" {+Blink Fly Will++ Int-3}
  4733 | D:6      | 4733 ||| UPGRADING to +2 pair of boots.
  4743 | D:6      | 4743 ||| DROPPING +1 pair of boots.
  4744 | D:6      | 4744 ||| UPGRADING to +1 helmet "Qati" {+Blink Fly Will++
                  | Int-3}.
  4754 | D:6      | 4754 ||| DROPPING +0 helmet.
  4755 | D:6      | 4755 ||| UPGRADING to +5 ring of evasion.
  4756 | D:6      | 4756 ||| READING scroll labelled BITYGIPSINK.
  4757 | D:6      | 4757 ||| READING scroll labelled REZITUZXIN.
  4757 | D:6      | Identified a scroll of acquirement
  4757 | D:6      | 4757 ||| ACQUIRING +5 crystal plate armour "Myirch" {rElec
                  | Will+ Str+2}
  4757 | D:6      | Acquired the +5 crystal plate armour "Myirch" {rElec Will+
                  | Str+2}
  4759 | D:6      | 4759 ||| UPGRADING to +5 crystal plate armour "Myirch"
                  | {rElec Will+ Str+2}.
  4769 | D:6      | 4769 ||| DROPPING +0 chain mail.
  4770 | D:6      | 4770 ||| DROPPING +2 scale mail of fire resistance.
  4927 | D:7      | 4927 ||| Stepping ~*~*~tactically~*~*~ (hiding).
  5016 | D:7      | Found a transporter.
  5090 | D:7      | Noticed a moth of wrath
  5098 | D:7      | Found a transporter.
  5101 | D:7      | Noticed qw's ghost (novice DEHu)
  5194 | D:7      | 5194 ||| Stepping ~*~*~tactically~*~*~ (stealth).
  5197 | D:7      | 5197 ||| Stepping ~*~*~tactically~*~*~ (stealth).
  5205 | D:7      | Reached skill level 6 in Armour
  5272 | D:7      | 5272 ||| Stepping ~*~*~tactically~*~*~ (hiding).
  5525 | D:7      | Found a shadowy altar of Dithmenos.
  5526 | D:7      | 5526 ||| READING 3 scrolls of identify.
  5526 | D:7      | 5526 ||| IDENTIFYING golden potion
  5527 | D:7      | 5527 ||| READING 2 scrolls of identify.
  5527 | D:7      | 5527 ||| IDENTIFYING silvery potion
  5528 | D:7      | 5528 ||| DROPPING potion of degeneration.
  5702 | D:7      | Found an ornate altar of the Wu Jian Council.
  5702 | D:7      | Found a glowing silver altar of Zin.
  5710 | D:7      | Found a bloodstained altar of Trog.
  5712 | D:7      | Found a stormy altar of Qazlal.
  5714 | D:7      | Found an iron altar of Okawaru.
  5715 | D:7      | 5715 ||| PLANNING OKAWARU WORSHIP
  5715 | D:7      | 5715 ||| READING 2 scrolls labelled MAQEIM MANAFU.
  5716 | D:7      | 5716 ||| DROPPING scroll of amnesia.
  5720 | D:7      | Became a worshipper of Warmaster Okawaru
  5721 | D:7      | 5721 ||| PLANNING D:1-11
  5855 | D:8      | Reached XP level 10. HP: 63/63 MP: 10/10
  5958 | D:8      | 5958 ||| DROPPING +0 morningstar.
  6152 | D:8      | 6152 ||| Stepping ~*~*~tactically~*~*~ (stealth).
  6506 | D:8      | 6506 ||| Stepping ~*~*~tactically~*~*~ (hiding).
  6596 | D:8      | 6596 ||| DROPPING ring of flight.
  6673 | D:9      | Noticed a death yak
  6674 | D:9      | 6674 ||| Stepping ~*~*~tactically~*~*~ (hiding).
  6681 | D:9      | Noticed a death yak
  6686 | D:9      | Noticed a death yak
  6694 | D:9      | HP: 12/63 [death yak (18)]
  6695 | D:9      | 6695 ||| READING 4 scrolls of teleportation.
  6777 | D:9      | HP: 11/63 [death yak (7)]
  6778 | D:9      | 6778 ||| READING 3 scrolls of teleportation.
  6778 | D:9      | Slain by a death yak

Levels and vault maps discovered:
D:1:      dpeg_arrival_three_same_balls, layout_loops_ring, minmay_lizard_pond
D:2:      layout_basic
D:3:      layout_rooms, uniq_terence, uniq_grinder, uniq_natasha
D:4:      layout_rooms, uniq_pikel, uniq_blork_the_orc
D:5:      layout_loops_ring, marbit_many_paths, nzn_hepliaklqana_mist_gate
D:6:      layout_basic, minmay_temple_entry_large_hall, serial_curves,
          eino_curves_02, eino_curves_03
D:7:      layout_loops_ring, chequers_temple_overflow_minitemple,
          nicolae_dithmenos_through_a_glass_darkly,
          gammafunk_ghost_berserking_beasts
D:8:      layout_basic, water_boxes_lemuel
D:9:      layout_long_grid, dpeg_lair_monsters, ebering_ghost_inner_flame
Temple:   nicolae_temple_ecumenical_triangle

Skill      XL: |  1  2  3  4  5  6  7  8  9 10 |
---------------+-------------------------------+-----
Axes           | 2 3 4 5 7 8 9 |  9.5
Fighting       | 4 6 7 |  7.0
Dodging        | 3 |  3.0
Throwing       | 1 2 |  2.6
Armour         | 7 8 |  8.0
Shields        | 4 |  4.4

Action                     |  1- 3 |  4- 6 |  7- 9 | 10-12 || total
---------------------------+-------+-------+-------+-------++-------
  Melee: War axe           |   103 |   138 |   365 |    94 ||   700
  Throw: Boomerang         |       |     2 |    58 |     6 ||    66
         Javelin           |       |       |     5 |    10 ||    15
    Use: Scroll            |     4 |     2 |    11 |     2 ||    19
         Potion            |       |     1 |     3 |       ||     4
 Armour: Scale mail        |    56 |    79 |   111 |       ||   246
         Chain mail        |       |       |    65 |       ||    65
         Crystal plate arm |       |       |    43 |   103 ||   146
  Dodge: Dodged            |    67 |    63 |   137 |    55 ||   322
  Block: Buckler           |    17 |    22 |    59 |    26 ||   124

Table legend:
 A = Non-vault XP
 B = Vault XP
 C = Vault XP percentage of total XP
 D = Non-vault monster count
 E = Vault monster count
 F = Vault count percentage of total count
                 A         B        C        D         E       F
            +---------+---------+-------+---------+---------+-------
      Total |    4693 |    1236 |  20.8 |     160 |      15 |   8.6
            +---------+---------+-------+---------+---------+-------
        D:1 |      40 |       5 |  11.1 |      22 |       5 |  18.5
        D:2 |      96 |       0 |   0.0 |      20 |       0 |   0.0
        D:3 |     127 |     367 |  74.3 |      21 |       3 |  12.5
        D:4 |      22 |     781 |  97.3 |       5 |       2 |  28.6
        D:5 |     953 |      14 |   1.4 |      31 |       1 |   3.1
        D:6 |    1143 |       0 |   0.0 |      22 |       0 |   0.0
        D:7 |    1059 |       0 |   0.0 |      19 |       0 |   0.0
        D:8 |     916 |       0 |   0.0 |      16 |       0 |   0.0
        D:9 |     337 |      69 |  17.0 |       4 |       4 |  50.0
            +---------+---------+-------+---------+---------+-------
